 Dungeon Crawl Stone Soup version 0.18-a0-640-g2c992fa (webtiles) character file.

53893 Gorice the Thaumaturge (level 14, -8/67 HPs)
             Began as a Felid Wanderer on Dec 1, 2015.
             Was the Champion of Sif Muna.
             Mangled by an orc warrior
             ... wielding a +0 glaive
             ... led by an orc high priest
              (17 damage)
             ... while paralysed by an orc sorcerer
             ... on level 4 of the Orcish Mines on Dec 4, 2015.
             The game lasted 05:03:45 (57964 turns).

Gorice the Thaumaturge (Felid Wanderer)            Turns: 57964, Time: 05:03:45

Health: -8/67      AC:  4    Str:  6    XL:     14   Next: 32%
Magic:  31/31      EV:  4    Int: 20    God:    Sif Muna [******]
Gold:   2327       SH:  0    Dex: 16    Spells: 10 memorised, 6 levels left
                                        Lives:  0   Deaths: 4

rFire  . . .     SeeInvis +       - Unarmed
rCold  + . .     Clarity  .     (armour unavailable)
rNeg   . . .     SustAt   .     (shield unavailable)
rPois  .         Gourm    .     (helmet unavailable)
rElec  .         Spirit   .     (cloak unavailable)
rCorr  +         Dismiss  .     (gloves unavailable)
rMut   .         Stasis   .     (boots unavailable)
MR     ++...                    i - amulet of resist corrosion
Stlth  +++.......               (no ring)
                                (no ring)

@: paralysed, quick, very resistant to hostile enchantments, fairly stealthy
A: no armour, no weapons or thrown items, claws 1, fangs 3, rugged brown scales
1, see invisible, carnivore 3, speed 1, shaggy fur 3, slow metabolism 1, sharp
paws
a: Channel Energy, Forget Spell, Renounce Religion


You were on level 4 of the Orcish Mines.
You worshipped Sif Muna.
Sif Muna was exalted by your worship.
You were completely stuffed.

You visited 4 branches of the dungeon, and saw 23 of its levels.
You also visited: Ossuary.

You collected 2926 gold pieces.
You spent 599 gold pieces at shops.

Inventory:

Jewellery
 i - an amulet of resist corrosion (around neck)
 y - an uncursed ring of ice
 Y - an uncursed ring of teleportation
Wands
 w - a wand of polymorph (19)
 x - a wand of fireball (9)
 B - a wand of fireball (1)
 D - a wand of paralysis (15)
 F - a wand of disintegration (10)
 K - a wand of fire (5)
Scrolls
 a - 2 scrolls of vulnerability {!r!r}
 f - a scroll of holy word {!r}
 h - 3 scrolls of fear {!r}
 m - 9 scrolls of remove curse
 n - 2 scrolls of blinking
 r - 3 scrolls of fog
 E - 4 scrolls of magic mapping {!r}
 J - 9 scrolls of teleportation {!r}
 M - 3 scrolls of identify
 O - a scroll of silence {!r}
Potions
 e - 3 potions of resistance {!q}
 j - a potion of curing
 k - a potion of might {!q}
 l - 2 potions of heal wounds {!q}
 o - a potion of magic {!q}
 p - a potion of ambrosia {!q}
 q - 3 potions of haste {!q}
 t - a potion of lignification {!q}
 u - 8 potions of flight
 v - a potion of berserk rage
 L - 2 potions of agility {!q}
Books
 c - Sif Muna's Disquisition on Malediction
   (Sif Muna gifted it to you on level 9 of the Dungeon)

   Spells                             Type                      Level
   a - Cause Fear                     Hexes                        4
   b - Metabolic Englaciation         Hexes/Ice                    5
   c - Yara's Violent Unravelling     Hexes/Transmutation          5
   d - Silence                        Hexes/Air                    5
 s - the Grimoire of Floating Shape Shifting
   (You found it on level 3 of the Orcish Mines)

   Spells                             Type                      Level
   a - Shock                          Conjuration/Air              1
   b - Beastly Appendage              Transmutation                1
   c - Ignite Poison                  Fire/Transmutation/Poison    3
   d - Airstrike                      Air                          4
   e - Silence                        Hexes/Air                    5
   f - Blade Hands                    Transmutation                5
 z - a Grand Grimoire
Miscellaneous
 C - a lamp of fire
 Z - a stone of tremors
Comestibles
 b - a slice of pizza
 d - 14 meat rations {!e}
 g - 8 chunks of flesh
 A - 28 beef jerkies


   Skills:
 - Level 10.0 Fighting
 + Level 8.1 Dodging
 - Level 1.3 Stealth
 - Level 5.3 Unarmed Combat
 + Level 12.6 Spellcasting
 - Level 11.0 Conjurations
 - Level 8.0 Hexes
 - Level 8.0 Charms
 - Level 2.0 Necromancy
 - Level 10.0 Translocations
 - Level 11.1 Fire Magic
 - Level 1.1 Evocations


You had 6 spell levels left.
You knew the following spells:

 Your Spells              Type           Power        Failure   Level  Hunger
a - Flame Tongue          Conj/Fire      #####        1%          1    None
b - Throw Flame           Conj/Fire      ######       1%          2    None
c - Conjure Flame         Conj/Fire      ######..     1%          3    None
d - Sticky Flame          Conj/Fire      ######..     1%          4    None
e - Confuse               Hex            #####...     1%          3    None
f - Iskenderun's Mystic   Conj           ######..     1%          4    None
g - Fireball              Conj/Fire      ######....   1%          5    ####...
J - Blink                 Tloc           N/A          1%          2    None
P - Phase Shift           Tloc           ######....   2%          5    ####...
R - Regeneration          Chrm/Necr      ####......   1%          3    None


Dungeon Overview and Level Annotations

Branches:
Dungeon (10/15)            Temple (1/1) D:7            Lair (8/8) D:8
  Swamp (0/4) Lair:6        Snake (0/4) Lair:4        Slime (0/6) Lair:6
    Orc (4/4) D:10            Elf (0/3) Orc:3

Altars:
Ashenzari
Cheibriados
Dithmenos
Elyvilon
Fedhas
Gozag
Kikubaaqudgha
Makhleb
Nemelex Xobeh
Okawaru
Qazlal
Ru
Sif Muna
Trog
Vehumet
Xom
Yredelemnul
Zin
The Shining One
Beogh

Shops:
D:7 :   D:8 ?   D:10 ?   Orc:4 =

Annotations:
D:2 vvpUX: cash in fire vault
D:3 Grinder
D:8 Maurice
Lair:6 pUX:, Rupert
Lair:8 vpUX: dragon, 1 runed door


Innate Abilities, Weirdness & Mutations

You cannot wear armour.
You are incapable of wielding weapons or throwing items.
You have sharp claws.
You have razor-sharp teeth.
You have supernaturally acute eyesight.
You are carnivorous and can eat meat at any time.
You cover ground quickly.
Your thick and shaggy fur keeps you warm (AC +3, rC+).
You have a slow metabolism.
Your sharp claws are effective at attacking unaware monsters.
You are partially covered in rugged brown scales (AC +1, +3% HP).


Message History

The orc wizard is heavily wounded.
The orc wizard is covered in liquid flames!
The orc wizard burns!
The orc wizard misses you.
The orc wizard casts a spell.
The orc wizard flickers and vanishes for a moment.
The orc barely misses you.
You claw the orc wizard!
You kill the orc wizard!
You claw the orc!
You kill the orc!
Things that are here:
a flail; a mace; an orc corpse You butcher the orc corpse.
g - 8 chunks of flesh (gained 4)
Things that are here:
a flail; a mace
There is a stone staircase leading down here.
Things that are here:
a dagger; a robe There isn't anything to butcher here.
Casting: Sticky Flame
Confirm with . or Enter, or press ? or * to list all spells.
Your skin crawls.
There is a stone staircase leading down here.
You start resting.
HP restored.
You start resting.
Your skin is crawling a little less now.
Your skin stops crawling.
You start resting.
Magic restored.
You climb downwards.
The orc misses you. The orc completely misses you.
There is a stone staircase leading up, spattered with blood here.
You see here 2 tomahawks.
Unknown command.
The orc sorcerer casts a spell.
The orc hits you but does no damage.
The orc warrior hits you from afar with a glaive!
Damage: 12 (max 12)
The orc high priest barely misses you. The orc sorcerer casts a spell at you.
You suddenly lose the ability to move!
The orc hits you but does no damage.
The red devil hits you from afar with a demon trident!
The orc warrior hits you from afar with a glaive.
The orc high priest hits you from afar with a halberd.
The orc hits you with a short sword.
The red devil hits you from afar with a demon trident!!
* * * LOW HITPOINT WARNING * * *
The orc warrior hits you from afar with a glaive!
You die...

### ##.##### .# ##...##.##
..# #####...##(..# #...
##.)#....###..##......
#.........##@o4.......
#........##.o........#
#####........#[#oo.......$
.#.#......#....#........
<.........[.[.ยง....#..##
.......#..).#.....#..##
#......##..#......(...#
##......##............#...
###............#.).......


You could see an orc high priest, an orc sorcerer, a red devil, an orc warrior
and an orc.

Vanquished Creatures
  Gastronok (D:9)
  Kirke (Lair:7)
  Maud (Lair:8)
  2 orc warlords (Orc:3)
  Nessos (Orc:4)
  Josephine (Orc:2)
  A naga warrior (Lair:4)
  6 hydras
  2 orc high priests (Orc:2)
  7 death yaks
  Nergalle (Orc:2)
  The ghost of M4edhros the Covert, a novice OpAr of Cheibriados (D:7)
  3 orc knights (Orc:3)
  A lindwurm (Lair:8)
  A hill giant (D:10)
  A griffon (Lair:8)
  An oklob plant (Lair:3)
  2 orc sorcerers
  10 black mambas
  22 spiny frogs
  Joseph (D:8)
  20 elephants
  6 torpor snails
  6 komodo dragons
  3 fire drakes
  10 polar bears
  3 giant leeches (Lair:8)
  4 trolls
  A boulder beetle (Lair:4)
  A raiju (Lair:8)
  4 wraiths (Orc:2)
  23 yaks
  A hog (Lair:7)
  2 basilisks
  Grum (D:9)
  11 hippogriffs
  28 wolves
  A steam dragon (D:10)
  4 hell hounds (Lair:8)
  9 wargs
  16 water moccasins
  4 nagas
  Duvessa (D:5)
  A phantom (D:10)
  3 ice beasts
  27 orc warriors
  10 porcupines
  5 sky beasts
  14 black bears
  A necrophage (D:8)
  4 wasps (Lair:8)
  19 ogres
  16 crocodiles
  8 centaurs
  2 big kobolds
  15 giant frogs
  A gnoll sergeant (D:10)
  Dowan (D:5)
  10 scorpions
  4 wights (D:10)
  4 crimson imps
  23 hounds
  2 quasits
  8 jellies
  2 human zombies (Ossuary)
  5 electric eels
  6 giant frog skeletons
  3 centaur zombies
  28 orc priests
  23 orc wizards
  Crazy Yiuf (D:5)
  2 centaur skeletons
  12 iguanas
  7 worker ants
  27 sheep
  2 mummies (Ossuary)
  3 worker ant zombies
  9 gnolls
  14 adders
  79 river rats
  6 shadow imps
  13 oozes
  2 adder skeletons
  2 adder zombies
  22 worms
  14 giant geckos
  181 orcs
  A ball python (D:3)
  9 bats
  5 giant cockroaches
  10 goblins
  9 hobgoblins
  13 jackals
  8 quokkas
  5 giant newts
  A goblin zombie (Ossuary)
  14 hobgoblin zombies (Ossuary)
  A jackal zombie (D:6)
  9 kobolds
  8 kobold zombies (Ossuary)
  8 orc zombies (Ossuary)
  11 rats
  A rat zombie (Ossuary)
  A spectral orc (D:5)
  2 fungi (Lair:8)
983 creatures vanquished.

Vanquished Creatures (others)
  3 humans (Lair:7)
  A sky beast (D:6)
  2 sheep (Lair:6)
  A worm (D:2)
  An orc (Orc:3)
  A giant newt (D:2)
  70 fungi
  35 plants
114 creatures vanquished.

Grand Total: 1097 creatures vanquished

Notes
Turn   | Place    | Note
--------------------------------------------------------------
     0 | D:1      | Gorice the Felid Wanderer began the quest for the Orb.
     0 | D:1      | Gorice set off with: a book of Necromancy, the Tome of Displacement, a potion of curing, a meat ration {!e}
     0 | D:1      | Reached XP level 1. HP: 9/9 MP: 2/2
     0 | D:1      | Identified the Tome of Displacement
   675 | D:1      | HP: 3/10 [giant newt (3)]
   680 | D:1      | Reached XP level 2. HP: 3/13 MP: 3/3
   942 | D:1      | Reached skill level 1 in Dodging
  1319 | D:1      | HP: 2/13 [hobgoblin/club (2)]
  2149 | D:2      | Noticed an ogre
  2428 | D:2      | Reached skill level 2 in Dodging
  2458 | D:2      | HP: 3/13 [kobold/short sword (3)]
  2530 | D:2      | Reached XP level 3. HP: 7/16 MP: 4/4
  2777 | D:2      | Reached skill level 2 in Unarmed Combat
  2936 | D:2      | Found a burning altar of Makhleb.
  3020 | D:2      | Learned a level 1 spell: Pain
  3793 | D:3      | Found a glowing golden altar of the Shining One.
  3801 | D:3      | Found a sparkling altar of Nemelex Xobeh.
  3836 | D:3      | Found an ancient bone altar of Kikubaaqudgha.
  4066 | D:3      | Reached XP level 4. HP: 8/20 MP: 2/5
  4348 | D:3      | Reached skill level 3 in Fighting
  4532 | D:3      | HP: 2/21 [gnoll/halberd (15)]
  5384 | D:3      | Noticed Grinder
  5517 | D:3      | Reached skill level 3 in Unarmed Combat
  5881 | D:2      | Reached XP level 5. HP: 14/24 MP: 0/6
  6070 | D:2      | Killed from afar by an orc priest
  6071 | D:2      | Reached XP level 4. HP: -1/21 MP: 3/5
  6085 | D:2      | Reached skill level 3 in Dodging
  6424 | D:3      | Reached XP level 5. HP: 21/25 MP: 6/6
  6921 | D:3      | Gained mutation: You are partially covered in rugged brown scales (AC +1, +3% HP). [potion of beneficial mutation]
  7161 | D:4      | Reached skill level 4 in Unarmed Combat
  7367 | D:4      | Noticed an ogre
  7937 | D:4      | Reached skill level 4 in Fighting
  8167 | D:4      | Gained mutation: You are covered in thick fur (AC +2). [Felid growth]
  8167 | D:4      | Reached XP level 6. HP: 19/28 MP: 7/7
  8571 | D:3      | Reached skill level 4 in Dodging
  9158 | D:4      | Reached skill level 5 in Unarmed Combat
  9283 | D:4      | Found a blossoming altar of Fedhas.
  9287 | D:4      | Found a white marble altar of Elyvilon.
  9290 | D:4      | Found a glowing silver altar of Zin.
  9339 | D:4      | Found a shimmering altar of Xom.
  9402 | D:5      | Entered Level 5 of the Dungeon
  9428 | D:5      | Reached XP level 7. HP: 22/33 MP: 3/8
  9435 | D:5      | Learned a level 2 spell: Blink
  9472 | D:5      | Noticed Dowan
  9532 | D:5      | Found a sand-covered staircase.
  9578 | D:5      | Learned a level 1 spell: Flame Tongue
  9734 | Ossuary  | Entered an ossuary
 10493 | Ossuary  | Reached skill level 1 in Conjurations
 10493 | Ossuary  | Reached skill level 1 in Fire Magic
 11014 | D:5      | Reached skill level 2 in Conjurations
 11014 | D:5      | Reached skill level 2 in Fire Magic
 11372 | D:5      | Noticed Crazy Yiuf
 11685 | D:5      | Noticed Duvessa
 11826 | D:5      | Found a basalt altar of Yredelemnul.
 12521 | D:6      | Reached skill level 3 in Fire Magic
 12699 | D:6      | Shot with an arrow by a centaur
 12700 | D:6      | Reached XP level 6. HP: -1/29 MP: 3/7
 12758 | D:6      | Found a sacrificial altar of Ru.
 12861 | D:6      | Reached skill level 3 in Conjurations
 12861 | D:6      | Reached XP level 7. HP: 19/33 MP: 7/9
 13000 | D:6      | Reached skill level 1 in Spellcasting
 13057 | D:6      | HP: 8/33 [sky beast (5)]
 13057 | D:6      | HP: 2/33 [sky beast (6)]
 13742 | D:6      | Reached skill level 4 in Conjurations
 13772 | D:6      | Reached skill level 4 in Fire Magic
 13968 | D:6      | Upgraded the game from 0.18-a0-455-gc7d4c65 to 0.18-a0-486-gab6c0bd
 14067 | D:6      | Reached skill level 2 in Spellcasting
 14067 | D:6      | Reached XP level 8. HP: 20/37 MP: 3/12
 14791 | D:6      | HP: 8/37 [centaur (5)]
 15086 | D:6      | Learned a level 2 spell: Throw Flame
 15090 | D:6      | Learned a level 3 spell: Conjure Flame
 15119 | D:7      | Reached skill level 5 in Conjurations
 15119 | D:7      | Reached skill level 5 in Fire Magic
 15253 | D:7      | Found a staircase to the Ecumenical Temple.
 15260 | Temple   | Entered the Ecumenical Temple
 15352 | Temple   | Became a worshipper of Sif Muna the Loreminder
 15384 | D:7      | Reached skill level 1 in Translocations
 15492 | D:7      | Noticed M4edhros's ghost (novice OpAr)
 15567 | D:7      | Reached skill level 3 in Spellcasting
 15846 | D:7      | Reached skill level 2 in Translocations
 16025 | D:7      | Found Qicixumn's Book Emporium.
 16498 | D:7      | You fall through a shaft!
 16498 | D:8      | Noticed a troll
 16509 | D:8      | Noticed Joseph
 16522 | D:8      | Noticed Maurice
 16529 | D:8      | Found a shadowy altar of Dithmenos.
 16610 | D:10     | Entered Level 10 of the Dungeon
 16757 | D:10     | HP: 11/37 [quokka (2)]
 16778 | D:10     | Reached XP level 9. HP: 10/40 MP: 6/14
 16784 | D:10     | Learned a level 4 spell: Sticky Flame
 17185 | D:8      | Reached * piety under Sif Muna
 17193 | D:8      | Found Kiotaa's Magic Scroll Shoppe.
 17214 | D:8      | Bought a scroll of blinking for 112 gold pieces
 17214 | D:8      | Bought a scroll of teleportation for 45 gold pieces
 17214 | D:8      | Bought a scroll of identify for 30 gold pieces
 17461 | D:7      | Killed M4edhros's ghost
 17461 | D:7      | Reached skill level 6 in Conjurations
 17461 | D:7      | Reached skill level 3 in Translocations
 17461 | D:7      | Reached skill level 6 in Fire Magic
 17875 | D:4      | Reached ** piety under Sif Muna
 17875 | D:4      | Reached skill level 4 in Translocations
 18247 | D:5      | Killed Duvessa
 18370 | D:5      | Killed Dowan
 18688 | D:5      | Killed Crazy Yiuf
 18688 | D:5      | Reached skill level 4 in Spellcasting
 19068 | D:8      | HP: 12/40 [orc wizard/puff of flame (6)]
 19261 | D:8      | Reached skill level 7 in Conjurations
 19323 | D:8      | Reached skill level 7 in Fire Magic
 19472 | D:8      | Reached XP level 10. HP: 42/44 MP: 12/17
 19614 | D:7      | Reached skill level 5 in Translocations
 19619 | D:7      | Learned a level 3 spell: Regeneration
 19880 | D:8      | Reached *** piety under Sif Muna
 20297 | D:8      | HP: 7/44 [Joseph/uncursed quarterstaff (9)]
 20310 | D:8      | Killed Joseph
 20785 | D:8      | Found a staircase to the Lair.
 21506 | D:8      | Reached skill level 5 in Spellcasting
 21506 | D:8      | Reached skill level 8 in Fire Magic
 21613 | D:8      | Reached skill level 8 in Conjurations
 21772 | D:9      | Noticed Gastronok
 21790 | D:9      | Learned a level 3 spell: Confuse
 22078 | D:9      | Noticed Grum
 22126 | D:8      | Reached **** piety under Sif Muna
 22247 | D:9      | HP: 11/44 [wolf[Grum] (8)]
 22287 | D:9      | Killed Grum
 22287 | D:9      | Reached skill level 5 in Hexes
 23375 | D:10     | Reached skill level 6 in Hexes
 23375 | D:10     | Reached ***** piety under Sif Muna
 23389 | D:10     | Reached XP level 11. HP: 47/47 MP: 3/20
 23701 | D:9      | HP: 3/47 [centaur/arrow (16)]
 23857 | D:10     | Found Gizos's Magic Scroll Emporium.
 23863 | D:10     | Noticed a hill giant
 23871 | D:10     | Found a staircase to the Orcish Mines.
 24622 | D:10     | Reached skill level 6 in Spellcasting
 24799 | D:10     | Bought a scroll of identify for 26 gold pieces
 24799 | D:10     | Bought a scroll of identify for 26 gold pieces
 24799 | D:10     | Bought a scroll of teleportation for 39 gold pieces
 25078 | D:10     | Killed a hill giant
 25078 | D:10     | Reached skill level 7 in Hexes
 25188 | D:10     | Noticed a hill giant
 25576 | D:9      | HP: 3/47 [Gastronok/the air (21)]
 25600 | D:9      | HP: 14/47 [hound (3)]
 25606 | D:10     | HP: 13/47 [hound (2)]
 25870 | Lair:1   | Entered Level 1 of the Lair of Beasts
 25907 | Lair:1   | HP: 12/47 [river rat (6)]
 26247 | Lair:1   | Reached skill level 9 in Fire Magic
 26344 | Lair:1   | HP: 14/47 [river rat (6)]
 26812 | Lair:1   | HP: 14/47 [poisoned by a spiny frog]
 26815 | Lair:1   | HP: 5/47 [spiny frog (7)]
 26820 | Lair:1   | HP: 5/47 [poisoned by a spiny frog]
 26820 | Lair:1   | Demolished by a spiny frog
 26821 | Lair:1   | Reached XP level 10. HP: -16/44 MP: 5/20
 26874 | Lair:1   | Reached skill level 9 in Conjurations
 26984 | Lair:1   | Reached skill level 8 in Hexes
 27929 | Lair:2   | Reached skill level 7 in Spellcasting
 28113 | Lair:2   | Found a shimmering altar of Xom.
 28140 | Lair:2   | Noticed an eight-headed hydra
 28155 | Lair:2   | Killed an eight-headed hydra
 28155 | Lair:2   | Reached ****** piety under Sif Muna
 28155 | Lair:2   | Received a gift from Sif Muna
 28155 | Lair:2   | Reached XP level 11. HP: 25/47 MP: 3/22
 28156 | Lair:2   | Identified Sif Muna's Incunabulum of Arcane Weapons (Sif Muna gifted it to you on level 2 of the Lair of Beasts)
 29268 | Lair:2   | Learned a level 4 spell: Iskenderun's Mystic Blast
 30159 | Lair:3   | Reached skill level 10 in Fire Magic
 30532 | Lair:3   | Noticed a four-headed hydra
 30560 | Lair:3   | Killed a four-headed hydra
 30705 | Lair:3   | Reached skill level 10 in Conjurations
 30724 | Lair:3   | Reached skill level 8 in Spellcasting
 30736 | Lair:3   | HP: 9/47 [river rat (8)]
 30742 | Lair:2   | HP: 4/47 [river rat (1)]
 31226 | Lair:3   | HP: 11/47 [water moccasin (6)]
 32260 | Lair:3   | Received a gift from Sif Muna
 32261 | Lair:3   | Identified Sif Muna's Papyrus of Conjuration and the Blaze (Sif Muna gifted it to you on level 3 of the Lair of Beasts)
 33628 | Lair:4   | HP: 13/47 [porcupine (16)]
 34149 | Lair:4   | Gained mutation: Your thick and shaggy fur keeps you warm (AC +3, rC+). [Felid growth]
 34149 | Lair:4   | Reached XP level 12. HP: 51/51 MP: 6/25
 34156 | Lair:4   | Learned a level 5 spell: Fireball
 34350 | Lair:4   | Found a staircase to the Snake Pit.
 34714 | Lair:4   | Reached skill level 9 in Spellcasting
 34765 | Lair:4   | Noticed a naga warrior
 35684 | Lair:5   | Reached skill level 11 in Conjurations
 35857 | Lair:5   | HP: 13/51 [wolf (3)]
 36633 | Lair:5   | Reached skill level 11 in Fire Magic
 37066 | Lair:4   | Killed a naga warrior
 37066 | Lair:4   | Received a gift from Sif Muna
 37066 | Lair:4   | Reached skill level 5 in Dodging
 37066 | Lair:4   | Reached skill level 1 in Charms
 37391 | Lair:5   | HP: 2/51 [elephant (16)]
 37773 | Lair:5   | Reached skill level 2 in Charms
 37899 | Lair:5   | Upgraded the game from 0.18-a0-486-gab6c0bd to 0.18-a0-596-g6468885
 37961 | Lair:6   | Noticed a six-headed hydra
 37990 | Lair:6   | Killed a six-headed hydra
 38058 | Lair:6   | Noticed Rupert
 38140 | Lair:6   | Reached skill level 5 in Fighting
 38149 | Lair:6   | HP: 13/52 [torpor snail (15)]
 38404 | Lair:6   | Found a staircase to the Slime Pits.
 38410 | Lair:6   | Noticed Maud
 38687 | Lair:5   | Reached skill level 3 in Charms
 39010 | Lair:6   | Found a staircase to the Swamp.
 39131 | Lair:7   | --Gah! A PDA just lying on the floor and I'm a felid!
 39156 | Lair:7   | Noticed an eight-headed hydra
 39499 | Lair:7   | Noticed Kirke
 39511 | Lair:7   | Killed Kirke
 39511 | Lair:7   | Reached skill level 10 in Spellcasting
 39511 | Lair:7   | Reached skill level 4 in Charms
 39511 | Lair:7   | Reached XP level 13. HP: 20/56 MP: 16/28
 39523 | Lair:7   | HP: 6/56 [black mamba (16)]
 39529 | Lair:7   | Reached skill level 6 in Fighting
 40254 | Lair:7   | Reached skill level 5 in Charms
 40471 | Lair:8   | Entered Level 8 of the Lair of Beasts
 41664 | Lair:7   | Reached skill level 6 in Charms
 41667 | Lair:7   | Reached skill level 7 in Fighting
 42270 | Lair:8   | HP: 16/58 [four-headed hydra (3)]
 42288 | Lair:8   | HP: 15/58 [four-headed hydra (4)]
 42367 | Lair:6   | HP: 16/58 [poisoned by a black mamba]
 42388 | Lair:6   | HP: 17/58 [poisoned by a black mamba]
 42395 | Lair:6   | HP: 15/58 [poisoned by a black mamba]
 42401 | Lair:6   | HP: 14/58 [poisoned by a black mamba]
 42408 | Lair:4   | HP: 13/58 [poisoned by a black mamba]
 42413 | Lair:4   | HP: 13/58 [poisoned by a black mamba]
 42418 | Lair:4   | HP: 13/58 [poisoned by a black mamba]
 42490 | Lair:1   | Learned a level 5 spell: Iskenderun's Battlesphere
 43078 | Lair:8   | HP: 15/58 [seven-headed hydra (17)]
 43088 | Lair:8   | Reached skill level 7 in Charms
 43462 | Lair:8   | Received a gift from Sif Muna
 43463 | Lair:8   | Identified Sif Muna's Volume of Conjuration (Sif Muna gifted it to you on level 8 of the Lair of Beasts)
 43653 | Lair:7   | HP: 15/58 [yak (12)]
 43910 | Lair:8   | HP: 17/58 [yak (9)]
 43910 | Lair:8   | HP: 2/58 [death yak (14)]
 44475 | Lair:7   | Reached skill level 8 in Charms
 44648 | Lair:7   | Reached skill level 11 in Spellcasting
 44872 | Lair:8   | Found a runed door.
 44911 | Lair:8   | Reached skill level 8 in Fighting
 44911 | Lair:8   | Slain by a giant leech
 44912 | Lair:8   | Reached XP level 12. HP: 0/56 MP: 14/28
 45519 | Lair:8   | HP: 11/56 [river rat (6)]
 45803 | Lair:8   | Reached skill level 6 in Translocations
 46313 | Lair:8   | Reached XP level 13. HP: 51/59 MP: 25/29
 46515 | Lair:8   | HP: 1/60 [lindwurm/blast of flame (38)]
 46990 | Lair:8   | Reached skill level 7 in Translocations
 47264 | Lair:7   | HP: 10/60 [elephant (13)]
 47540 | Lair:8   | HP: 16/60 [Maud/halberd (16)]
 47585 | Lair:8   | Killed Maud
 47585 | Lair:8   | Reached skill level 8 in Translocations
 47959 | Lair:8   | Reached skill level 9 in Fighting
 48435 | Lair:8   | HP: 17/61 [warg (9)]
 48436 | Lair:8   | HP: 7/61 [warg (11)]
 48467 | Lair:8   | HP: 8/61 [hound (4)]
 49673 | Lair:8   | Reached skill level 9 in Translocations
 50219 | Lair:1   | Learned a level 5 spell: Phase Shift
 50379 | D:9      | HP: 15/61 [Gastronok/the air (39)]
 50386 | D:9      | Killed Gastronok
 50386 | D:9      | Received a gift from Sif Muna
 50387 | D:9      | Identified Sif Muna's Disquisition on Malediction (Sif Muna gifted it to you on level 9 of the Dungeon)
 50390 | D:9      | HP: 14/62 [iguana (3)]
 50644 | D:10     | Bought a scroll of holy word for 97 gold pieces
 50769 | D:8      | Bought a scroll of blinking for 112 gold pieces
 50769 | D:8      | Bought a scroll of blinking for 112 gold pieces
 50863 | Orc:1    | Entered Level 1 of the Orcish Mines
 50872 | Orc:1    | Upgraded the game from 0.18-a0-596-g6468885 to 0.18-a0-619-g89c329e
 51213 | Orc:2    | Noticed Josephine
 51260 | Orc:2    | Killed Josephine
 51267 | Orc:2    | Reached skill level 12 in Spellcasting
 51486 | Orc:2    | Found a roughly hewn altar of Beogh.
 51543 | Orc:2    | HP: 17/62 [orc/mace[an orc high priest] (8)]
 51550 | Orc:2    | Reached skill level 10 in Translocations
 51726 | Orc:2    | Reached skill level 10 in Fighting
 52309 | Orc:2    | Noticed Nergalle
 52347 | Orc:2    | Killed Nergalle
 52347 | Orc:2    | Reached XP level 14. HP: 48/67 MP: 11/31
 52518 | Orc:2    | HP: 17/67 [sixfirhy[an orc high priest] (8)]
 52872 | Orc:2    | Reached skill level 6 in Dodging
 53685 | Orc:2    | Found a roughly hewn altar of Beogh.
 54132 | Orc:3    | Found a staircase to the Elven Halls.
 54722 | Orc:3    | HP: 18/67 [orc warrior/halberd (22)]
 55042 | Orc:3    | Noticed an orc warlord
 55353 | Orc:3    | Killed an orc warlord
 55641 | Orc:3    | Reached skill level 7 in Dodging
 55944 | Orc:3    | Noticed an orc warlord
 56620 | Orc:3    | Killed an orc warlord
 56670 | Orc:3    | HP: 17/67 [ogre/giant spiked club (20)]
 56931 | Orc:3    | Upgraded the game from 0.18-a0-619-g89c329e to 0.18-a0-640-g2c992fa
 56964 | Orc:3    | Identified the Grimoire of Floating Shape Shifting
 57143 | Orc:4    | Entered Level 4 of the Orcish Mines
 57326 | Orc:4    | Found Bijoicw's Jewellery Shoppe.
 57328 | Orc:4    | Noticed Nessos
 57332 | Orc:4    | HP: 17/67 [Nessos/poisoned arrow (5)]
 57347 | Orc:4    | HP: 14/67 [orc (5)]
 57767 | Orc:4    | Killed Nessos
 57767 | Orc:4    | Reached skill level 8 in Dodging
 57962 | Orc:4    | Paralysed by an orc sorcerer for 5 turns
 57964 | Orc:4    | HP: 9/67 [red devil/demon trident[an orc high priest] (18)]
 57964 | Orc:4    | Mangled by an orc warrior

Vault maps used:
D:1:      sevenhm_arrival_forest_fort_large_2, corexii_hall_statues_x
D:2:      nicolae_overflow_crystal_walls, first_bread, lemuel_flame_loot_1
D:3:      grunt_temple_overflow_diamond, nrook_mini_backslash, uniq_grinder
D:4:      marbit_many_paths, minmay_overflow_temple_star_quad
D:5:      yredelemnul_forgotten_temple_becter, nicolae_ossuary_entry_plus,
          minmay_fountain_box, minmay_crossroads, uniq_duvessa,
          uniq_crazy_yiuf_cottage
D:6:      lemuel_coloured_pillars_altar, minmay_joined_circles
D:7:      minmay_temple_entry_junction, serial_shops, kennysheep_mini_moat,
          glass_columns_b
D:8:      grunt_dithmenos_smoke_and_mirrors, erik_lair_island, serial_shops,
          nicolae_shop_trees, uniq_maurice, uniq_joseph
D:9:      nooodl_food_tri, uniq_grum, uniq_gastronok
D:10:     orc_0_dummy, serial_shops, kennysheep_little_box
Temple:   cyrus_temple_forest_13
Lair:1:   grunt_megastairs_4, lemuel_fruit_tree
Lair:2:   basic_altar, minivault_19
Lair:3:   lemuel_slime, serial_bayou_shore_b, grunt_megastairs_1,
          lemuel_fruit_fields, bh_autumn_forest_stairs, lemuel_fruit_fields
Lair:4:   minmay_snake_entry_guardpost_large, patterned_corridor
Lair:5:   serial_bayou_shore_b
Lair:6:   swamp_mist_pool, nicolae_slime_entry_slimehenge, bh_chokoban,
          uniq_maud, uniq_rupert
Lair:7:   beast_lair_carwin_2, serial_bayou_shore_b, infiniplex_staircase_pool,
          uniq_kirke
Lair:8:   hangedman_lair_caniforms_friends, wormcave,
          nicolae_quartered_pool_super, columned_hall_lemuel
Orc:2:    basic_altar, minmay_orc_temple_c, uniq_josephine, uniq_nergalle
Orc:3:    nicolae_orc_pool_cavern, minmay_orc_treasury
Orc:4:    kennysheep_orc_mage_school, serial_shops, shop, elves_outpost_lemuel,
          uniq_azrael, uniq_donald, uniq_nessos
Ossuary:  ossuary_tomb_1

Action                   |  1- 3 |  4- 6 |  7- 9 | 10-12 | 13-15 || total
-------------------------+-------+-------+-------+-------+-------++-------
Melee: Unarmed           |   185 |   162 |   270 |   610 |   653 ||  1880
 Cast: Pain              |    12 |   125 |    61 |       |       ||   198
       Flame Tongue      |       |       |   219 |   288 |   266 ||   773
       Conjure Flame     |       |       |    13 |    90 |    20 ||   123
       Throw Flame       |       |       |    37 |   145 |    38 ||   220
       Sticky Flame      |       |       |    13 |   165 |   236 ||   414
       Blink             |       |       |     3 |     1 |    10 ||    14
       Confuse           |       |       |       |   129 |   175 ||   304
       Iskenderun's Myst |       |       |       |    37 |    20 ||    57
       Regeneration      |       |       |       |    12 |    17 ||    29
       Fireball          |       |       |       |     2 |    28 ||    30
       Iskenderun's Batt |       |       |       |       |     2 ||     2
Invok: Forget Spell      |       |       |       |     1 |     1 ||     2
       Channel Energy    |       |       |       |       |    51 ||    51
Evoke: Wand              |     3 |     4 |    19 |    14 |     3 ||    43
  Use: Scroll            |     8 |     5 |    11 |    14 |       ||    38
       Potion            |       |     1 |     1 |     5 |     4 ||    11
 Stab: Sleeping          |     2 |       |     6 |     3 |     2 ||    13
       Distracted        |       |     1 |     1 |     2 |       ||     4
       Confused          |       |       |       |    15 |    16 ||    31
       Invisible         |       |       |       |       |     1 ||     1
  Eat: Chunk             |    14 |    24 |    29 |    73 |    53 ||   193

Table legend:
 A = Turns spent in this place as a percentage of turns spent in the entire game.
 B = Non-inter-level travel turns spent in this place as a percentage of non-inter-level travel turns spent in the entire game.
 C = Inter-level travel turns spent in this place as a percentage of turns spent in this place.
 D = Turns resting spent in this place as a percentage of non-inter-level travel turns spent in this place.
 E = Turns spent auto-exploring this place as a percentage of non-inter-level travel turns spent in this place.
 F = Non-inter-level travel turns spent in this place divided by the number of levels of this place that you've seen.
                   A       B       C       D       E      F
               +-------+-------+-------+-------+-------+----------------------
         Total | 100.0 | 100.0 |   0.5 |   5.5 |   2.6 | 814.5
       Dungeon |  39.2 |  39.1 |   0.7 |   6.6 |   3.6 | 764.0
        Temple |   0.5 |   0.5 |   1.1 |   0.0 |   1.1 |  94.0
          Lair |  41.5 |  41.5 |   0.4 |   5.2 |   2.2 | 1014.1
  Orcish Mines |  15.2 |  15.2 |   0.2 |   4.5 |   1.7 | 744.8
       Ossuary |   3.7 |   3.7 |   0.0 |   2.5 |   0.1 | 723.0
               +-------+-------+-------+-------+-------+----------------------

Vault maps used:
D:1:      sevenhm_arrival_forest_fort_large_2, corexii_hall_statues_x
D:2:      nicolae_overflow_crystal_walls, first_bread, lemuel_flame_loot_1
D:3:      grunt_temple_overflow_diamond, nrook_mini_backslash, uniq_grinder
D:4:      marbit_many_paths, minmay_overflow_temple_star_quad
D:5:      yredelemnul_forgotten_temple_becter, nicolae_ossuary_entry_plus,
          minmay_fountain_box, minmay_crossroads, uniq_duvessa,
          uniq_crazy_yiuf_cottage
D:6:      lemuel_coloured_pillars_altar, minmay_joined_circles
D:7:      minmay_temple_entry_junction, serial_shops, kennysheep_mini_moat,
          glass_columns_b
D:8:      grunt_dithmenos_smoke_and_mirrors, erik_lair_island, serial_shops,
          nicolae_shop_trees, uniq_maurice, uniq_joseph
D:9:      nooodl_food_tri, uniq_grum, uniq_gastronok
D:10:     orc_0_dummy, serial_shops, kennysheep_little_box
Temple:   cyrus_temple_forest_13
Lair:1:   grunt_megastairs_4, lemuel_fruit_tree
Lair:2:   basic_altar, minivault_19
Lair:3:   lemuel_slime, serial_bayou_shore_b, grunt_megastairs_1,
          lemuel_fruit_fields, bh_autumn_forest_stairs, lemuel_fruit_fields
Lair:4:   minmay_snake_entry_guardpost_large, patterned_corridor
Lair:5:   serial_bayou_shore_b
Lair:6:   swamp_mist_pool, nicolae_slime_entry_slimehenge, bh_chokoban,
          uniq_maud, uniq_rupert
Lair:7:   beast_lair_carwin_2, serial_bayou_shore_b, infiniplex_staircase_pool,
          uniq_kirke
Lair:8:   hangedman_lair_caniforms_friends, wormcave,
          nicolae_quartered_pool_super, columned_hall_lemuel
Orc:2:    basic_altar, minmay_orc_temple_c, uniq_josephine, uniq_nergalle
Orc:3:    nicolae_orc_pool_cavern, minmay_orc_treasury
Orc:4:    kennysheep_orc_mage_school, serial_shops, shop, elves_outpost_lemuel,
          uniq_azrael, uniq_donald, uniq_nessos
Ossuary:  ossuary_tomb_1
